Map: Dragon Scales LE

Players

derefkittens - Winner!

  • Race: Protoss Protoss
  • Spawn Location: 5:00

VOD

Have the link to the VOD?

Description

Time

  • Played on: April 2, 2023, 7:50 p.m.
  • Length: 69:36
Show
View Real Time Build Order
Export as new Build Order

derefkittens Protoss - Winner!

Build Orders:  

Get SALT Encoding   

  12  0:15  Probe (Chrono Boost)  
  14  0:32  Probe (Chrono Boost)  
  14  0:48  Pylon  
  14  1:03  Pylon  
  14  1:25  Pylon  
  14  2:07  Pylon  
  14  2:40  Pylon  
  14  3:06  Pylon  
  14  3:32  Pylon  
  14  3:46  Gateway  
  14  3:56  Pylon  
  14  4:16  Assimilator  
  14  4:27  Pylon  
  14  4:44  Pylon  
  14  4:46  Assimilator  
  14  5:33  Zealot  
  14  5:37  Cybernetics Core  
  16  6:09  Pylon  
  16  6:11  Zealot  
  18  6:49  Zealot  
  20  7:27  Zealot  
  22  7:40  Pylon  
  22  7:58  Pylon  
  22  8:05  Zealot  
  24  8:36  Shield Battery  
  24  8:43  Zealot  
  26  9:08  Protoss Air Armor Level 1  
  26  9:21  Zealot  
  26  9:23  Forge  
  28  9:46  Pylon  
  28  9:59  Zealot  
  30  10:25  Protoss Ground Weapons Level 1  
  30  10:37  Zealot  
  32  10:43  Gateway  
  32  11:15  Zealot  
  34  11:28  Twilight Council  
  34  11:53  Zealot  
  36  12:06  Zealot  
  36  12:09  Gateway  
  38  12:30  Zealot  
  40  12:44  Zealot  
  42  12:53  Probe (Chrono Boost)  
  43  13:08  Zealot  
  43  13:09  Probe (Chrono Boost)  
  46  13:22  Zealot  
  46  13:26  Probe (Chrono Boost)  
  49  13:43  Probe (Chrono Boost)  
  49  13:46  Zealot  
  52  13:59  Zealot  
  53  14:00  Probe (Chrono Boost)  
  55  14:23  Blink  
  55  14:24  Zealot  
  57  14:37  Zealot  
  59  15:02  Zealot  
  61  15:15  Zealot  
  63  15:40  Zealot  
  65  15:53  Zealot  
  65  15:55  Nexus  
  67  16:18  Zealot  
  69  16:31  Zealot  
  71  16:43  Charge  
  71  16:56  Zealot  
  71  16:57  Pylon  
  73  17:09  Zealot  
  75  17:34  Gateway, Zealot  
  77  17:47  Zealot  
  79  18:12  Zealot  
  81  18:25  Zealot  
  83  18:54  Stalker  
  85  19:36  Stalker  
  87  20:05  Shield Battery  
  87  20:18  Stalker  
  89  21:00  Stalker  
  91  21:42  Stalker  
  93  22:13  Pylon  
  93  23:23  Photon Cannon  
  93  24:25  Photon Cannon  
  87  25:15  Stalker  
  89  25:45  Photon Cannon  
  89  25:47  Probe  
  90  25:57  Stalker  
  92  26:03  Probe  
  93  26:20  Probe  
  94  26:37  Probe  
  94  26:39  Stalker  
  97  26:54  Probe  
  98  27:11  Probe  
  99  27:21  Stalker  
  99  27:28  Probe  
  102  27:45  Probe  
  103  27:58  Assimilator  
  103  28:02  Probe  
  103  28:03  Stalker  
  106  28:20  Assimilator  
  106  28:35  Photon Cannon  
  106  28:40  Gateway  
  106  28:53  Photon Cannon  
  106  29:06  Gateway  
  106  29:13  Pylon  
  106  30:17  Templar Archives  
  102  30:23  Protoss Ground Weapons Level 2  
  92  32:04  Stalker  
  94  32:24  Psionic Storm  
  94  32:44  Dark Shrine  
  94  32:46  Stalker  
  96  33:28  Stalker  
  98  33:43  Protoss Ground Armor Level 1  
  98  34:10  Stalker  
  98  34:11  Robotics Facility  
  100  34:52  Stalker  
  102  35:07  Stargate  
  100  36:33  Protoss Shields Level 1  
  100  37:02  Fleet Beacon  
  100  37:41  Carrier  
  100  38:06  Anion Pulse-Crystals  
  106  38:27  Probe  
  107  39:28  Protoss Ground Weapons Level 3  
  107  40:06  Photon Cannon  
  103  40:56  Unknown  
  103  40:58  Unknown  
  103  41:11  Photon Cannon  
  103  41:21  Photon Cannon  
  103  41:32  Photon Cannon  
  103  42:26  Photon Cannon  
  103  43:12  Photon Cannon  
  103  43:16  Unknown  
  103  43:20  Protoss Ground Armor Level 2  
  103  43:21  Photon Cannon  
  103  43:51  Photon Cannon  
  103  44:05  Carrier  
  103  44:26  Photon Cannon  
  109  45:35  Carrier  
  113  47:05  Carrier  
  119  48:35  Carrier, Pylon  
  125  50:05  Carrier  
  131  51:37  Carrier  
  135  53:07  Carrier  
Tags
 
Add a new tag
Caveats
  • Supply blocks, unpowered buildings, or Contaminate may cause inaccurate times.
  • Supply counts are checked every 10 seconds.